AoeStats
← yazeed_niva

MegaRandom

510865666Analyzed
2v2 RM · 16h ago on Oct 2, 2026· 94m 59s· 4 players
Game mode
Random Map
Map size
Medium (4 player)
Population
200
Speed
Normal
Resources
Standard
Victory
Conquest
Starting age
Dark Age
Ending age
Imperial Age
RankedLock teamsTeams togetherTeam positionsShared explorationLock speedFull tech treeHidden civsTurbo modeCheats
Victory
Defeat
🇦🇷 Sicilians · Argentina
455
+13
🇯🇴 Gurjaras · Jordan
355
+17
🇪🇸 Chinese · Spain
391
-15
🇪🇸 Varangians · Spain
379
-15
yazeed_niva
12:28 Feudal Age
18:24 Castle Age
28:20 Imperial Age
32:33 Chemistry
34:05 Elite Shrivamsha Rider
34:47 Husbandry
35:01 Bloodlines
34:16 Light Cavalry
38:30 Scale Barding Armor
39:37 Chain Barding Armor
39:39 Herbal Medicine
49:38 Elite Chakram Thrower
61:41 Elite Elephant Archer
Kowalsky
1:26 Loom
15:04 Feudal Age
15:51 Horse Collar
24:33 Castle Age
30:16 Wheelbarrow
31:04 Scale Mail Armor
31:17 Forging
32:58 Heavy Plow
32:46 Double-Bit Axe
33:09 Gold Mining
34:03 Stone Mining
36:47 Imperial Age
35:11 Caravan
36:02 Bow Saw
36:29 Hand Cart
37:36 Town Watch
38:19 Conscription
38:32 Chain Mail Armor
38:53 Iron Casting
38:22 Husbandry
39:26 Gold Shaft Mining
40:31 Plate Mail Armor
41:21 Chemistry
40:05 Cavalier
41:44 Crop Rotation
42:03 First Crusade
42:06 Hauberk
42:16 Scale Barding Armor
42:49 Bloodlines
43:32 Elite Serjeant
51:47 Arson
52:02 Squires
51:48 Gambesons
54:00 Chain Barding Armor
54:41 Blast Furnace
55:24 Plate Barding Armor
58:56 Onager
60:20 Ballistics
61:22 Blast Furnace
60:13 Fletching
60:35 Siege Onager
85:08 First Crusade
90:28 Guilds
Ratika
1:27 Loom
12:42 Feudal Age
14:04 Wheelbarrow
13:21 Double-Bit Axe
13:47 Gold Mining
13:53 Stone Mining
14:02 Horse Collar
14:39 Town Watch
20:57 Fletching
23:12 Castle Age
21:52 Padded Archer Armor
24:12 Hand Cart
24:00 Heavy Plow
24:14 Bow Saw
24:07 Caravan
28:42 Gold Shaft Mining
28:06 Bodkin Arrow
28:27 Leather Archer Armor
34:43 Imperial Age
34:56 Ballistics
35:46 Thumb Ring
37:15 Chemistry
38:30 Two-Man Saw
37:58 Conscription
39:13 Bracer
39:55 Ring Archer Armor
40:50 Masonry
41:31 Squires
41:16 Arson
45:15 Elite Chu Ko Nu
59:19 Coinage
61:04 Banking
63:34 Arrowslits
63:45 Murder Holes
64:21 Architecture
85:27 Capped Ram
86:51 Siege Ram
DrCriticalMax
1:03 Loom
12:59 Feudal Age
15:43 Wheelbarrow
24:31 Gold Mining
24:34 Stone Mining
24:36 Double-Bit Axe
30:54 Castle Age
28:28 Man-at-Arms
30:24 Bloodlines
30:57 Crossbowman
31:20 Pikeman
32:02 Squires
31:49 Gambesons
32:17 Horse Collar
35:51 Forging
35:42 Scale Mail Armor
35:52 Scale Barding Armor
38:09 Bow Saw
38:18 Heavy Plow
39:17 Husbandry
42:10 Iron Casting
43:18 Scale Mail Armor
44:28 Caravan
44:51 Chain Mail Armor
49:11 Hand Cart
51:56 Chain Barding Armor
53:16 Vendel Legacy
55:07 Stone Shaft Mining
62:33 Imperial Age
64:18 Blast Furnace
63:29 Halberdier
65:41 Conscription
69:04 Plate Mail Armor
70:12 Padded Archer Armor
77:31 Chemistry
76:52 Ballistics
81:54 Arson
82:03 Elite Varangian Guard
87:10 Coinage
86:12 Elite Varangian Guard
Connection lost

Rejoining the realm…

Still unreachable

The connection could not be restored.

Session expired

The server has moved on; the page needs a fresh start.